 Dungeon Crawl Stone Soup version 0.27.1-1-g398f81649c (webtiles) character file.

Game seed: 2481476547673462705

98 Metae the Covered (level 4, -1/41 HPs)
             Began as a Minotaur Fighter on Sept 14, 2021.
             Succumbed to a kobold brigand's poison
             ... in a sewer.
             The game lasted 00:04:32 (1767 turns).

Metae the Covered (Minotaur Fighter)                Turns: 1767, Time: 00:04:33

Health: -1/41      AC:  7    Str: 22    XL:     4   Next: 44%
Magic:  3/3        EV:  8    Int:  5    God:
Gold:   115        SH:  9    Dex:  9    Spells: 3/3 levels left

rFire    . . .     SeeInvis .   a - +0 trident
rCold    . . .     Faith    .   c - +0 kite shield
rNeg     . . .     Spirit   .   b - +0 scale mail
rPois    .         Reflect  .   (helmet restricted)
rElec    .         Harm     .   (no cloak)
rCorr    .         Rampage  .   (no gloves)
Will     .....                  (no boots)
Stlth    ..........             (no amulet)
HPRegen  0.13/turn              (no ring)
MPRegen  0.08/turn              (no ring)

@: lethally poisoned (-1 -> -11), slowed, very slow
A: horns 2, retaliatory headbutt
a: no special abilities


You were in a sewer.
You visited 1 branch of the dungeon, and saw 3 of its levels.
You also visited: Sewer.

You collected 115 gold pieces.

Inventory:

Hand Weapons
 a - a +0 trident (weapon)
 k - a +2 spectral quarterstaff
Missiles
 g - 96 stones (quivered)
 j - 18 sling bullets
Armour
 b - a +0 scale mail (worn)
 c - a +0 kite shield (worn)
Scrolls
 e - a scroll of noise {unknown}
 i - 4 scrolls of identify {unknown}
Potions
 d - a potion of might
 f - a potion of curing {unknown}
 h - a potion of mutation {unknown}


   Skills:
 + Level 4.3 Fighting
 - Level 2.9(3.1) Polearms
 + Level 1.1(2.2) Staves
 + Level 4.5 Armour
 - Level 1.2 Dodging
 + Level 4.2 Shields


You had 3 spell levels left.
You didn't know any spells.
Your spell library contained the following spells:

 Spells                   Type           Power      Damage    Failure   Level
 Conjure Flame            Conj/Fire      0%         6-21      100%        3
 Ignite Poison            Fire/Tmut/Pois 0%         N/A       100%        3
 Sticky Flame             Conj/Fire      0%         2d3       100%        4


Dungeon Overview and Level Annotations

Branches:
Dungeon (3/15)              Sewer (1/1)

Altars:


Innate Abilities, Weirdness & Mutations

You have a pair of horns on your head.
You reflexively headbutt those who attack you in melee.


Message History

There is an empty arch of ancient stone here.
You start resting.
HP restored.
You enter the shallow water.
Moving in this stuff is going to be slow.
You enter the shallow water.
Moving in this stuff is going to be slow.
You enter the shallow water.
Moving in this stuff is going to be slow.
You enter the shallow water.
Moving in this stuff is going to be slow. 2 kobold brigands come into view.
A kobold brigand is wielding a +0 short sword and quivering poisoned darts.
A kobold brigand is wielding a +2 whip of venom and quivering curare-tipped darts.
The kobold brigand shouts! x2
The kobold brigand throws a curare-tipped dart.
The curare-tipped dart hits you.
You are poisoned.
You have difficulty breathing.
You feel yourself slow down.
You feel extremely sick.
The kobold brigand throws a poisoned dart.
You block the poisoned dart.
You feel very sick.
The kobold brigand throws a poisoned dart.
The poisoned dart hits you!
You are more poisoned.
The kobold brigand throws a poisoned dart.
The poisoned dart hits you.
You are more poisoned.
The kobold brigand throws a curare-tipped dart.
You block the curare-tipped dart.
The kobold brigand throws a poisoned dart.
The poisoned dart hits you!
You are lethally poisoned!
* * * LOW HITPOINT WARNING * * *
You feel extremely sick.
* * * LOW HITPOINT WARNING * * *
You feel extremely sick.
The kobold brigand throws a curare-tipped dart.
You block the curare-tipped dart.
You die...

#. .# #≈ ≈# #≈
≈# #≈#≈# ≈≈
#.K≈# #. #K#
#. #≈# #≈###≈#
#≈≈≈@≈#
##≈≈.## #≈≈.#
#.≈≈# . ##..≈#
≈.# ##.≈≈≈#
≈≈.#####≈≈≈≈≈#
.≈≈≈≈≈≈..≈..##
#≈≈.≈≈≈.≈≈###


You could see 2 kobold brigands.

Vanquished Creatures
  3 gnolls (D:3)
  2 adders (D:2)
  3 dart slugs (D:2)
  2 ball pythons
  A bat (D:3)
  4 endoplasms
  6 giant cockroaches
  2 goblins
  3 hobgoblins
  4 kobolds
  4 quokkas
  4 frilled lizards
  4 rats
42 creatures vanquished.

Notes
Turn   | Place    | Note
-------+----------+-------------------------------------------
     0 | D:1      | Metae the Minotaur Fighter began the quest for the Orb.
     0 | D:1      | Reached XP level 1. HP: 19/19 MP: 0/0
   324 | D:1      | Reached XP level 2. HP: 27/27 MP: 1/1
   853 | D:2      | Reached XP level 3. HP: 24/33 MP: 2/2
  1070 | D:2      | Found a faded altar of an unknown god.
  1127 | D:2      | Reached skill level 1 in Dodging
  1599 | D:3      | Reached XP level 4. HP: 26/40 MP: 3/3
  1661 | D:3      | Reached skill level 1 in Staves
  1670 | D:3      | Found a glowing drain.
  1718 | Sewer    | Entered a sewer
  1762 | Sewer    | Noticed a kobold brigand
  1762 | Sewer    | Noticed a kobold brigand
  1767 | Sewer    | Succumbed to a kobold brigand's poison

Illustrated notes

Levels and vault maps discovered:
D:1:      evilmike_arrival_grusome_pit, layout_basic
D:2:      layout_rooms, ebering_ecumenical_altar_box
D:3:      layout_loops_ring, mainiacjoe_overflow_concentric_impassable,
          gup_sewer_entry_pipe, uniq_jessica
Sewer:    sewer_co_tree

Skill      XL: |  1  2  3  4 |
---------------+-------------+-----
Armour         | 4 |  4.5
Fighting       | 4 |  4.3
Dodging        | 1 |  1.2
Shields        | 4 |  4.2
Staves         | 1 |  1.1
Polearms       | |  2.9

Action                   |  1- 3 |  4- 6 || total
-------------------------+-------+-------++-------
Melee: Trident           |    83 |    20 ||   103
       Headbutt          |     9 |     3 ||    12
Armor: Scale mail        |    31 |    14 ||    45
Dodge: Dodged            |    22 |    16 ||    38
Block: Kite shield       |    32 |    20 ||    52
